 Dungeon Crawl Stone Soup version 0.27.0-1-g7a089689b8 (webtiles) character file.

Game seed: 9477781484750722034

5877 robertstho the Grappler (level 10, 0/98 HPs)
             Began as a Troll Abyssal Knight on Aug 6, 2021.
             Was a High Priest of Lugonu.
             Slain by a komodo dragon (9 damage)
             ... on level 8 of the Dungeon.
             The game lasted 00:09:27 (6402 turns).

robertstho the Grappler (Troll Abyssal Knight)      Turns: 6402, Time: 00:09:28

Health: 0/98       AC: 26    Str: 30    XL:     10   Next: 52%
Magic:  13/13      EV:  9    Int: 10    God:    Lugonu [*****.]
Gold:   114        SH:  5    Dex: 10    Spells: 9/9 levels left

rFire    + + .     SeeInvis .   q - +1 dire flail (protect)
rCold    . . .     Faith    .   (shield currently unavailable)
rNeg     + . .     Spirit   .   b - +0 fire dragon scales
rPois    +         Reflect  +   (helmet restricted)
rElec    +         Harm     .   F - +2 ratskin cloak {*Rats rPois rN+ Str-1 Int-1 Dex+1}
rCorr    .         Rampage  .   (gloves unavailable)
Will     .....                  (boots unavailable)
Stlth    ..........             c - amulet "Muinuiv" {Reflect Fragile rElec rC+ Int+3 SH+5}
HPRegen  1.26/turn              p - +6 ring of strength
MPRegen  0.13/turn              i - +4 ring of protection

@: under a protective aura, studying Stealth
A: large, unfitting armour, claws 3, regeneration 1, shaggy fur 1, tough skin 1
a: Renounce Religion, Depart the Abyss, Bend Space, Banish, Corrupt, Enter the
Abyss


You were on level 8 of the Dungeon.
You worshipped Lugonu.
Lugonu was extremely pleased with you.
You visited 1 branch of the dungeon, and saw 8 of its levels.
You visited the Abyss 1 time.
You also visited: Ossuary.

You collected 486 gold pieces.
You spent 372 gold pieces at shops.

Inventory:

Hand Weapons
 q - a +1 dire flail of protection (weapon)
Missiles
 G - 5 large rocks (quivered)
Armour
 b - +0 fire dragon scales (worn)
 F - the +2 ratskin cloak (worn) {*Rats rPois rN+ Str-1 Int-1 Dex+1}
   (You found it on level 6 of the Dungeon)

   When the wearer is hurt, rats may emerge from it to assist them.
   Str:       It affects your strength (-1).
   Int:       It affects your intelligence (-1).
   Dex:       It affects your dexterity (+1).
   rPois:     It protects you from poison.
   rN:        It protects you from negative energy.
Jewellery
 c - the amulet "Muinuiv" (around neck) {Reflect Fragile rElec rC+ Int+3 SH+5}
   (You acquired it on level 6 of the Dungeon)

   [amulet of reflection]

   It reflects blocked missile attacks.
   Int:       It affects your intelligence (+3).
   rC:        It protects you from cold.
   rElec:     It insulates you from electricity.
   Fragile:   It will be destroyed if unequipped.
   SH:        It affects your SH (+5).
 e - a ring of magical power
 i - a +4 ring of protection (right claw)
 p - a +6 ring of strength (left claw)
 E - a ring of willpower
 H - a ring of poison resistance
Wands
 k - a wand of polymorph (17)
 l - a wand of paralysis (17)
 s - a wand of acid (5)
Scrolls
 a - 3 scrolls of summoning {unknown}
 d - a scroll of noise {unknown}
 g - 4 scrolls of teleportation
 h - a scroll of enchant weapon {unknown}
 t - 3 scrolls of brand weapon
 y - a scroll of holy word
 z - 4 scrolls of blinking
 A - a scroll of enchant armour
 B - a scroll of torment
 C - a scroll of immolation
Potions
 f - 2 potions of heal wounds
 j - 2 potions of lignification {unknown}
 m - a potion of magic {unknown}
 n - 2 potions of attraction {unknown}
 o - 4 potions of curing {unknown}
 r - 2 potions of degeneration {unknown}
 u - a potion of invisibility
 v - a potion of flight
 w - 2 potions of brilliance
 x - a potion of resistance
 I - a potion of cancellation {unknown}


   Skills:
 * Level 5.7 Fighting
 + Level 0.8 Maces & Flails
 * Level 6.5 Armour
 + Level 3.7 Dodging
 + Level 0.4 Stealth
 + Level 0.9 Shields
 + Level 10.0 Unarmed Combat
 * Level 5.5 Invocations


You had 9 spell levels left.
You didn't know any spells.
Your spell library contained the following spells:

 Spells                   Type           Power      Damage    Failure   Level
 Shock                    Conj/Air       0%         1d3       63%         1
 Corpse Rot               Necr/Air       N/A        N/A       77%         2
 Poisonous Vapours        Pois/Air       0%         N/A       77%         2
 Sublimation of Blood     Necr           0%         N/A       77%         2
 Wereblood                Tmut           0%         N/A       77%         2
 Swiftness                Air            0%         N/A       94%         3
 Airstrike                Air            0%         N/A       100%        4
 Freezing Cloud           Conj/Ice/Air   0%         6-21      100%        5
 Iskenderun's Battlesphe  Conj           0%         2d6       100%        5
 Iron Shot                Conj/Erth      0%         9d1       100%        6
 Spellforged Servitor     Conj/Summ      0%         N/A       100%        7
 Summon Hydra             Summ           0%         N/A       100%        7


Dungeon Overview and Level Annotations

Branches:
Dungeon (8/15)             Temple (0/1) D:4         Ossuary (visited)
   Lair: D:8-11

Altars:
Makhleb
Okawaru
Sif Muna
Wu Jian
Zin

Shops:
D:6 =[?

Annotations:
D:6 2 runed translucent doors


Innate Abilities, Weirdness & Mutations

You are too large for most types of armour.
You have claws for hands.
Your natural rate of healing is unusually fast.
You are covered in fur. (AC +1)
You have tough skin. (AC +1)


Message History

The gnoll hits you but does no damage.
Unknown command.
You barely miss the komodo dragon.
The komodo dragon is almost dead.
The komodo dragon bites you but does no damage.
The gnoll hits you but does no damage. You block the komodo dragon's attack.
Unknown command.
You barely miss the komodo dragon.
The komodo dragon is almost dead.
The gnoll hits you but does no damage. The komodo dragon bites you!!
Unknown command.
You barely miss the komodo dragon.
The komodo dragon is almost dead.
The gnoll barely misses you. The komodo dragon bites you.
The gnoll hits you but does no damage.
Unknown command.
You hit the komodo dragon.
Your weapon exudes an aura of protection.
The komodo dragon is almost dead.
The komodo dragon bites you. The gnoll hits you but does no damage.
The komodo dragon bites you.
Unknown command.
Your fire dragon scales prevents you from hitting the komodo dragon.
The komodo dragon is almost dead.
The gnoll completely misses you. The komodo dragon bites you!
* * * LOW HITPOINT WARNING * * *
A hell rat scurries out from under your cloak.
Unknown command.
You hit the komodo dragon but do no damage.
The komodo dragon is almost dead.
You block the gnoll's attack. The komodo dragon bites you!!
* * * LOW HITPOINT WARNING * * *
Unknown command.
You hit the komodo dragon but do no damage.
The komodo dragon is almost dead.
The gnoll hits you from afar with a +0 spear.
* * * LOW HITPOINT WARNING * * *
Your hell rat barely misses the komodo dragon.
The komodo dragon bites you!
You die...

.##
................# ..
...##............##
............o.....#
.#..#.............#
.................#
...#######..Z.<...##
.. ##Z#...#..#### .
#g###......<#
#gl@###.....# ###r#
####### #.# #.# #.#
#.. ... .... .>..


You could see a komodo dragon (ally target), 2 gnolls and a friendly hell rat.

Vanquished Creatures
  A two-headed ogre (D:8)
  A cyclops (D:6)
  A komodo dragon (D:7)
  A shadow (D:6)
  A wraith (D:6)
  2 vampire mosquitoes (D:7)
  2 water moccasins
  2 sky beasts
  An ice beast (D:6)
  An orc warrior (D:8)
  5 ogres
  2 centaurs
  3 elf zombies (Ossuary)
  5 phantoms
  2 kobold brigands
  A gnoll sergeant (D:8)
  2 bullfrogs (D:7)
  2 scorpions
  A wyvern zombie (D:6)
  A wyvern skeleton (D:7)
  A water moccasin skeleton (D:6)
  5 jellies
  2 centaur zombies
  A bullfrog zombie (D:6)
  2 human zombies (Ossuary)
  3 hounds
  2 centaur skeletons (D:7)
  2 gnoll shamans
  An orc priest (D:3)
  A bullfrog skeleton (D:6)
  3 iguanas
  2 orc wizards (D:3)
  2 killer bee zombies
  2 hound zombies
  3 mummies (Ossuary)
  Robin (D:3)
  7 gnolls
  7 adders
  2 white imps
  An ufetubus (D:6)
  2 adder zombies (Ossuary)
  A worm (D:3)
  A dart slug (D:2)
  10 orcs
  11 ball pythons
  8 bats
  8 endoplasms
  5 giant cockroaches
  A gnoll zombie (Ossuary)
  4 hobgoblins
  6 jackals
  5 quokkas
  3 frilled lizards
  22 goblins
  5 goblin zombies (Ossuary)
  5 hobgoblin zombies (Ossuary)
  2 jackal zombies (Ossuary)
  18 kobolds
  2 kobold zombies (Ossuary)
  4 orc zombies (Ossuary)
  5 quokka zombies (Ossuary)
  A rat (D:3)
  3 rat zombies (Ossuary)
219 creatures vanquished.

Vanquished Creatures (others)
  An orc wizard (D:8)
  30 fungi (D:8)
  42 plants (D:8)
73 creatures vanquished.

Grand Total: 292 creatures vanquished

Notes
Turn   | Place    | Note
-------+----------+-------------------------------------------
     0 | Abyss:1  | robertstho the Troll Abyssal Knight began the quest for the
                  | Orb.
     0 | Abyss:1  | Reached XP level 1. HP: 22/22 MP: 1/1
    23 | Abyss:1  | Noticed an iron imp
    24 | D:1      | Escaped the Abyss
   147 | D:1      | Reached * piety under Lugonu
   153 | D:1      | Reached XP level 2. HP: 29/29 MP: 2/2
   632 | D:1      | Reached XP level 3. HP: 37/37 MP: 3/3
   934 | D:2      | Reached ** piety under Lugonu
  1035 | D:2      | Reached skill level 3 in Unarmed Combat
  1039 | D:2      | Reached XP level 4. HP: 45/45 MP: 4/4
  1589 | D:3      | Noticed Robin
  1624 | D:3      | Killed Robin
  1723 | D:3      | You fall into a shaft and drop 2 floors!
  1723 | D:5      | Entered Level 5 of the Dungeon
  1723 | D:5      | Found an ornate altar of the Wu Jian Council.
  1881 | D:5      | HP: 1/45 [acid (5)]
  1883 | D:5      | Reached skill level 4 in Unarmed Combat
  1883 | D:5      | Reached XP level 5. HP: 3/53 MP: 5/5
  1962 | D:5      | Identified the +1 ring mail of Rojatuc {rPois Regen+}
  2133 | D:5      | Noticed a phantom
  2142 | D:5      | Killed a phantom
  2143 | D:5      | Reached skill level 1 in Armour
  2164 | D:5      | Noticed a phantom
  2171 | D:5      | Killed a phantom
  2172 | D:5      | Reached XP level 6. HP: 61/61 MP: 6/6
  2250 | D:5      | Reached skill level 5 in Unarmed Combat
  2486 | D:5      | Noticed a sky beast
  2493 | D:5      | Killed a sky beast
  2494 | D:5      | Reached XP level 7. HP: 57/67 MP: 8/8
  2507 | D:5      | Found an iron altar of Okawaru.
  2748 | D:4      | Found a staircase to the Ecumenical Temple.
  2801 | D:4      | Reached skill level 6 in Unarmed Combat
  2883 | D:4      | Reached *** piety under Lugonu
  3124 | D:3      | Reached XP level 8. HP: 62/78 MP: 9/9
  3271 | D:3      | Found a faded altar of an unknown god.
  3271 | D:3      | Noticed a hellion
  3924 | D:6      | Found a sand-covered staircase.
  3932 | Ossuary  | Entered an ossuary
  3941 | Ossuary  | Reached **** piety under Lugonu
  4162 | Ossuary  | Reached skill level 7 in Unarmed Combat
  4166 | Ossuary  | Reached ***** piety under Lugonu
  4265 | D:6      | Noticed a four-headed hydra
  4272 | D:6      | Banished a six-headed hydra
  4273 | D:6      | Reached skill level 8 in Unarmed Combat
  4273 | D:6      | Reached XP level 9. HP: 43/85 MP: 6/11
  4451 | D:6      | Found Juxtah's Jewellery Boutique.
  4509 | D:6      | Found Ijeaf's Antique Armour Shop.
  4558 | D:6      | Found Mod Naw's Magic Scroll Boutique.
  4561 | D:6      | Bought a scroll of torment for 90 gold pieces
  4561 | D:6      | Bought a scroll of blinking for 90 gold pieces
  4561 | D:6      | Bought a scroll of immolation for 42 gold pieces
  4561 | D:6      | Bought a scroll of identify for 24 gold pieces
  4561 | D:6      | Bought a scroll of identify for 24 gold pieces
  4561 | D:6      | Bought a scroll of amnesia for 42 gold pieces
  4561 | D:6      | Bought a scroll of teleportation for 36 gold pieces
  4561 | D:6      | Bought a scroll of identify for 24 gold pieces
  4566 | D:6      | Identified a scroll of acquirement
  4568 | D:6      | Acquired the amulet "Muinuiv" {Reflect Fragile rElec rC+
                  | Int+3 SH+5}
  4752 | D:6      | Noticed a cyclops
  4753 | D:6      | Found a large runed translucent door.
  4754 | D:6      | Found a large runed translucent door.
  4757 | D:6      | Found a large runed translucent door.
  4757 | D:6      | Found a large runed translucent door.
  4856 | D:6      | Reached skill level 5 in Armour
  4996 | D:6      | Reached skill level 5 in Fighting
  5014 | D:6      | Reached skill level 9 in Unarmed Combat
  5016 | D:6      | Found the +2 ratskin cloak {*Rats rPois rN+ Str-1 Int-1
                  | Dex+1}
  5091 | D:6      | Killed a cyclops
  5092 | D:6      | Reached skill level 5 in Invocations
  5166 | D:7      | Found a glowing silver altar of Zin.
  5166 | D:7      | Noticed a komodo dragon
  5174 | D:7      | Reached XP level 10. HP: 93/96 MP: 12/12
  5564 | D:7      | Found a shimmering blue altar of Sif Muna.
  6103 | D:7      | Found a burning altar of Makhleb.
  6103 | D:7      | Noticed a blizzard demon
  6106 | D:7      | Noticed a smoke demon
  6137 | D:8      | Noticed a two-headed ogre
  6143 | D:8      | Killed a two-headed ogre
  6144 | D:8      | Reached skill level 10 in Unarmed Combat
  6402 | D:8      | Slain by a komodo dragon

Illustrated notes

Levels and vault maps discovered:
D:1:      amcnicky_arrival_choice, layout_loops_ring
D:2:      layout_loops_ring
D:3:      layout_basic, dreamdust_ecumenical_altar_sealed_demon,
          roderic_lattice_a, kennysheep_decorative_pillar, uniq_robin
D:4:      layout_rooms, minmay_temple_entry_tees
D:5:      layout_loops_corners, mainiacjoe_overflow_cross_hatched,
          mainiacjoe_overflow_chevrons
D:6:      layout_basic, serial_shops, kennysheep_little_box,
          nicolae_shop_statue_plus, shop, nicolae_ossuary_entry_plus,
          minmay_hollow_rounded_squares
D:7:      layout_basic, mainiacjoe_overflow_24_doors,
          mainiacjoe_overflow_concentric_impassable, makhleb_altar_promises_db
D:8:      layout_rooms, mainiacjoe_overflow_paths, due_lair_maze_entry_diamond,
          minmay_checkerbox

Skill      XL: |  1  2  3  4  5  6  7  8  9 10 |
---------------+-------------------------------+-----
Dodging        | 2 3 |  3.7
Fighting       | 3 4 5 |  5.7
Invocations    | 2 3 4 5 |  5.5
Unarmed Combat | 3 4 5 6 8 9 10 | 10.0
Armour         | 1 3 4 5 6 |  6.5
Maces & Flails | |  0.8
Stealth        | |  0.4
Shields        | |  0.9

Action                   |  1- 3 |  4- 6 |  7- 9 | 10-12 || total
-------------------------+-------+-------+-------+-------++-------
Melee: Unarmed           |    96 |   102 |   384 |    44 ||   626
       Punch             |     2 |     2 |    11 |     1 ||    16
       Dire flail        |       |       |       |   125 ||   125
Invok: Depart the Abyss  |     1 |       |       |       ||     1
       Banish            |       |       |     1 |       ||     1
  Use: Scroll            |       |       |     9 |     1 ||    10
Armor: Fire dragon scale |    61 |    56 |   205 |   134 ||   456
Dodge: Dodged            |    36 |    25 |   156 |    75 ||   292
Block: Other             |       |       |    11 |    41 ||    52
       Reflection        |       |       |       |     1 ||     1
